 Dungeon Crawl Stone Soup version 0.29-a0-878-g7b45a56547 (webtiles) character file.

Game seed: 6578519629195851563

1523 quixfox the Geomancer (level 8, 0/41 HPs)
             Began as a Gargoyle Earth Elementalist on July 20, 2022.
             Slain by a wraith (10 damage)
             ... on level 7 of the Dungeon.
             The game lasted 00:14:03 (6633 turns).

quixfox the Geomancer (Gargoyle Earth Elementalist) Turns: 6633, Time: 00:14:03

Health: 0/41       AC: 10    Str: 18    XL:     8   Next: 84%
Magic:  9/17       EV: 12    Int: 18    God:
Gold:   373        SH:  0    Dex: 10    Spells: 13/19 levels left

rFire   . . .      SeeInvis .   i - +1 dagger (speed)
rCold   . . .      Faith    .   (no shield)
rNeg    + . .      Spirit   .   a - +0 robe
rPois   ∞          Reflect  .   (no helmet)
rElec   +          Harm     .   r - +0 cloak
rCorr   .          Rampage  .   (no gloves)
Will    .....                   k - +1 pair of boots
Stlth   ++........              (no amulet)
HPRegen 0.13/turn               l - +6 ring of strength
MPRegen 0.15/turn               (no ring)

@: slowed, very slow
A: sickness immunity, AC +5, negative energy resistance 1, electricity
resistance, torment resistance 1, petrification resistance
a: no special abilities


You were on level 7 of the Dungeon.
You visited 1 branch of the dungeon, and saw 7 of its levels.
You also visited: Sewer and Ossuary.

You collected 373 gold pieces.

Inventory:

Hand Weapons
 i - a +1 dagger of speed (weapon)
Armour
 a - a +0 robe (worn)
 k - a +1 pair of boots (worn)
 r - a +0 cloak (worn)
Magical Staves
 x - a staff of fire
Jewellery
 c - a ring of ice
 j - a ring of flight
 l - a +6 ring of strength (left hand)
Wands
 y - a wand of iceblast (12)
Scrolls
 f - 5 scrolls of teleportation
 g - 2 scrolls of fear
 m - 2 scrolls of immolation
 o - 2 scrolls of fog
 s - a scroll of enchant weapon {unknown}
 v - a scroll of enchant armour {unknown}
 z - a scroll of magic mapping {unknown}
Potions
 b - a potion of magic
 d - 7 potions of curing
 e - 2 potions of lignification
 h - a potion of invisibility {unknown}
 n - 3 potions of attraction {unknown}
 p - 3 potions of mutation {unknown}
 q - a potion of heal wounds {unknown}
 t - 2 potions of flight
 u - 2 potions of cancellation {unknown}
 w - 2 potions of might {unknown}


   Skills:
 + Level 3.5 Dodging
 - Level 2.1 Stealth
 + Level 6.0 Spellcasting
 + Level 4.7 Conjurations
 - Level 0.7 Transmutations
 + Level 8.3 Earth Magic


You had 13 spell levels left.
You knew the following spells:

 Your Spells              Type           Power      Damage    Failure   Level
a - Sandblast             Erth           70%        2d15      1%          1
b - Stone Arrow           Conj/Erth      58%        3d10      2%          3
c - Passwall              Tmut/Erth      17%        N/A       2%          2

Your spell library contained the following spells:

 Spells                   Type           Power      Damage    Failure   Level
 Poisonous Vapours        Pois/Air       10%        N/A       19%         2
 Petrify                  Tmut/Erth      21%        N/A       19%         4
 Corpse Rot               Necr/Pois/Air  5%         N/A       75%         4


Dungeon Overview and Level Annotations

Branches:
Dungeon (7/15)              Sewer (visited)         Ossuary (visited)
 Temple: D:4-7

Altars:
Ashenzari
Gozag
Makhleb
Sif Muna
Xom
The Shining One

Annotations:
D:2 1 runed translucent door, Crazy Yiuf
D:4 3 runed translucent doors, bigduke15's ghost, amateur MiFi


Innate Abilities, Weirdness & Mutations

You are immune to sickness and miasma.
Your stone body is resilient. (AC +5)
You are immune to poison.
You resist negative energy. (rN+)
You are resistant to electric shocks. (rElec)
You are resistant to unholy torment.
You are immune to petrification.


Message History

You kill the orc!
The blast of sand hits the wraith!
The wraith is moderately damaged.
The wraith hits you. The wraith drains your vigour!
You feel yourself slow down. The wraith hits you.
The blast of sand hits the wraith but does no damage.
The wraith is moderately damaged.
The wraith hits you but does no damage. The wraith barely misses you. x2
The blast of sand hits the wraith.
The wraith is moderately damaged.
The wraith hits you but does no damage. The wraith hits you!
The wraith barely misses you.
The blast of sand hits the wraith!
The wraith is heavily damaged.
The wraith closely misses you. The wraith hits you but does no damage.
The wraith barely misses you.
The blast of sand hits the wraith but does no damage.
The wraith is heavily damaged.
The wraith hits you but does no damage. The wraith hits you.
The wraith drains your vigour!
You feel as though you will be slow longer.
The wraith misses you.
The blast of sand hits the wraith!
The wraith is severely damaged.
The wraith hits you but does no damage. The wraith hits you!
The wraith hits you.
* * * LOW HITPOINT WARNING * * *
The wraith drains your vigour!
You feel as though you will be slow longer.
Aiming: Sandblast (safe; 1% risk of failure)
Press: ? - help, Q - select action, (/) - cycle Shift-Dir - straight line, f/p - wraith
Aim: a wraith (severely damaged, 82% to hit)
The blast of sand hits the wraith.
The wraith is almost destroyed.
The wraith hits you.
* * * LOW HITPOINT WARNING * * *
The wraith drains your vigour!
You feel as though you will be slow longer.
The wraith hits you!
You die...

#.... #.#.##
###....########
+..............
#.....<########
#.###.#### . #.#
#....#
#..)####.###.##.#
....))W@.....##.#
.#.####.#######.#
#.# #.# #.# #.#
... ..# #.# ###
#.# #.#


You could see a wraith.

Vanquished Creatures
  Eustachio (D:5)
  An acid dragon (D:6)
  An ice beast (D:6)
  An ogre (D:6)
  A centaur (D:6)
  2 kobold brigands (Sewer)
  A bullfrog (D:4)
  An elf zombie (Ossuary)
  A necrophage (D:6)
  3 scorpions
  A centaur zombie (Ossuary)
  2 hounds
  An orc priest (D:5)
  2 human zombies (Ossuary)
  2 jellies
  An orc wizard (D:6)
  2 mummies (Ossuary)
  10 adders
  A river rat (Sewer)
  A shadow imp (D:5)
  An adder zombie (Ossuary)
  A worm (D:2)
  3 dart slugs
  18 orcs
  4 ball pythons
  4 bats
  5 endoplasms
  3 giant cockroaches
  4 goblins
  5 hobgoblins
  5 jackals
  8 kobolds
  4 quokkas
  3 frilled lizards
  11 hobgoblin zombies (Ossuary)
  14 kobold zombies (Ossuary)
  6 orc zombies (Ossuary)
  10 rats
  A rat zombie (Ossuary)
  A spectral kobold (D:2)
147 creatures vanquished.

Vanquished Creatures (others)
  5 dream sheep (D:3)
5 creatures vanquished.

Grand Total: 152 creatures vanquished

Notes
Turn   | Place    | Note
-------+----------+-------------------------------------------
     0 | D:1      | quixfox the Gargoyle Earth Elementalist began the quest for
                  | the Orb.
     0 | D:1      | Reached XP level 1. HP: 10/10 MP: 3/3
   159 | D:1      | Reached XP level 2. HP: 13/15 MP: 0/5
   255 | D:1      | Reached skill level 4 in Earth Magic
   832 | D:1      | Reached XP level 3. HP: 19/19 MP: 3/6
  1571 | D:2      | Reached XP level 4. HP: 12/24 MP: 3/8
  1792 | D:2      | Found a faded altar of an unknown god.
  1870 | D:2      | Found a runed translucent door.
  1871 | D:2      | Noticed Crazy Yiuf
  2080 | D:3      | Reached skill level 5 in Earth Magic
  2238 | D:3      | Noticed a dream sheep
  2238 | D:3      | Noticed a dream sheep
  2238 | D:3      | Noticed a dream sheep
  2238 | D:3      | Noticed a dream sheep
  2238 | D:3      | Noticed a dream sheep
  2238 | D:3      | Found a shimmering altar of Xom.
  2243 | D:3      | Killed a dream sheep
  2243 | D:3      | Killed a dream sheep
  2243 | D:3      | Killed a dream sheep
  2244 | D:3      | Killed a dream sheep
  2244 | D:3      | Killed a dream sheep
  2481 | D:4      | Found a runed translucent gate.
  2481 | D:4      | Found a runed translucent gate.
  2481 | D:4      | Noticed bigduke15's ghost (amateur MiFi)
  2482 | D:4      | Found a runed translucent gate.
  2608 | D:4      | Noticed a bullfrog
  2612 | D:4      | Killed a bullfrog
  2613 | D:4      | Reached XP level 5. HP: 23/28 MP: 6/10
  2676 | D:4      | Found a glowing golden altar of the Shining One.
  2686 | D:4      | Reached skill level 6 in Earth Magic
  2686 | D:4      | Reached XP level 6. HP: 14/32 MP: 2/12
  2866 | D:4      | Found a sand-covered staircase.
  2877 | Ossuary  | Entered an ossuary
  2933 | Ossuary  | Learned a level 3 spell: Stone Arrow
  2936 | Ossuary  | Learned a level 2 spell: Passwall
  3250 | Ossuary  | Reached skill level 1 in Conjurations
  3583 | Ossuary  | Reached XP level 7. HP: 31/36 MP: 10/14
  3987 | D:4      | Identified the +4 chain mail of Veerisue {Will+ Str+4
                  | Stlth+}
  4116 | D:4      | Found an opulent altar of Gozag.
  4116 | D:4      | Found a shimmering blue altar of Sif Muna.
  4199 | D:5      | Entered Level 5 of the Dungeon
  4399 | D:5      | Found a broken altar of Ashenzari.
  4402 | D:5      | Found a burning altar of Makhleb.
  4402 | D:5      | Noticed Eustachio
  4406 | D:5      | Killed Eustachio
  4407 | D:5      | Reached skill level 5 in Spellcasting
  4407 | D:5      | Reached skill level 7 in Earth Magic
  5118 | D:6      | Found a glowing drain.
  5144 | D:6      | Reached XP level 8. HP: 36/41 MP: 11/15
  5161 | Sewer    | Entered a sewer
  5346 | Sewer    | Found a glowing silver altar of Zin.
  6022 | D:6      | Reached skill level 8 in Earth Magic
  6621 | D:7      | Noticed a wraith
  6633 | D:7      | Slain by a wraith

Illustrated notes

Levels and vault maps discovered:
D:1:      ncdulo_lavacross, layout_basic, nicolae_figureground_sparkle
D:2:      layout_rooms, dreamdust_ecumenical_altar_drowned_temple,
          minmay_door_square, uniq_crazy_yiuf_cottage
D:3:      layout_basic, kb_xom_exploding_sheep
D:4:      layout_loops_ring, mainiacjoe_overflow_concentric_impassable,
          gammafunk_temple_overflow_wave, serial_co_window_serial,
          co_window_of_opportunity_a, co_window_paths_a, co_window_paths_a,
          co_window_corner_a, co_window_paths_b, co_window_broadway_b,
          co_window_corner_ca, co_window_corner_cb, co_window_broadway_b,
          co_window_2corner, co_window_broadway_a, glass_columns_a,
          glass_columns_a, glass_columns_a, biasface_ghost_orc_armoury,
          nicolae_ossuary_entry_monument
D:5:      layout_cave_pools, nicolae_overflow_squiral, uniq_eustachio
D:6:      layout_basic, gup_sewer_entry_glass
D:7:      layout_loops_corners, minmay_temple_entry_drinking_statues,
          worms_lemuel

Skill      XL: |  1  2  3  4  5  6  7  8 |
---------------+-------------------------+-----
Earth Magic    | 4 5 6 7 8 |  8.3
Spellcasting   | 3 4 5 6 |  6.0
Conjurations   | 2 3 4 |  4.7
Dodging        | 2 3 |  3.5
Stealth        | |  2.1
Transmutations | |  0.7

Action                   |  1- 3 |  4- 6 |  7- 9 || total
-------------------------+-------+-------+-------++-------
Melee: Dagger            |     1 |     2 |       ||     3
 Cast: Sandblast         |    48 |   107 |    98 ||   253
  Use: Scroll            |       |    10 |     2 ||    12
       Potion            |       |     1 |     3 ||     4
Armor: Robe              |     7 |    32 |    31 ||    70
Dodge: Dodged            |    15 |    51 |    53 ||   119

Table legend: (Time is in decaauts)
 A = Elapsed time spent in this place.
 B = Non-inter-level travel time spent in this place.
 C = Inter-level travel time spent in this place.
 D = Time resting spent in this place.
 E = Time spent auto-exploring this place.
 F = Levels seen in this place.
 G = Mean time per level.
                   A        B        C        D        E       F      G
               +--------+--------+--------+--------+--------+-----+--------+
         Total |   6917 |   6762 |    155 |   1189 |   4055 |   9 |  768.6 |
       Dungeon |   5815 |   5660 |    155 |    821 |   3741 |   7 |  830.7 |
         Sewer |    264 |    264 |      0 |    102 |    114 |   1 |  264.0 |
       Ossuary |    837 |    837 |      0 |    266 |    200 |   1 |  837.0 |
               +--------+--------+--------+--------+--------+-----+--------+

Top non-repeatable levels by time:
     D:6: 1402 daAuts
     D:1: 1235 daAuts
     D:4: 1030 daAuts
 Ossuary: 837 daAuts
     D:5: 837 daAuts
     D:2: 706 daAuts
     D:3: 556 daAuts
   Sewer: 264 daAuts
     D:7: 46 daAuts
